 Dungeon Crawl Stone Soup version 0.28-a0-850-g09de17f5b5 (webtiles) character file.

Game seed: 9650087424407424818

1144 Crownlay the Cleaver (level 8, -4/64 HPs)
             Began as a Hill Orc Fighter on Nov 13, 2021.
             Succumbed to an orc's poison
             ... on level 5 of the Dungeon.
             The game lasted 00:07:28 (6678 turns).

Crownlay the Cleaver (Hill Orc Fighter)             Turns: 6678, Time: 00:07:29

Health: -4/64      AC:  8    Str: 21      XL:     8   Next: 37%
Magic:  12/12      EV:  9    Int:  7 (8)  God:
Gold:   326        SH:  4    Dex: 10      Spells: 7/7 levels left

rFire   . . .      SeeInvis .   a - +0 war axe
rCold   . . .      Faith    .   c - +0 buckler
rNeg    . . .      Spirit   .   b - +0 scale mail
rPois   .          Reflect  .   (no helmet)
rElec   .          Harm     .   n - scarf {shadows}
rCorr   .          Rampage  .   i - +0 pair of gloves
Will    .....                   (no boots)
Stlth   ..........              (no amulet)
HPRegen 0.20/turn               (no ring)
MPRegen 0.13/turn               (no ring)

@: lethally poisoned (-4 -> -29), hasted, very quick
A: no striking features
a: no special abilities


You were on level 5 of the Dungeon.
You visited 1 branch of the dungeon, and saw 5 of its levels.

You collected 326 gold pieces.

Inventory:

Hand Weapons
 a - a +0 war axe (weapon)
Missiles
 j - a throwing net (quivered)
Armour
 b - a +0 scale mail (worn)
 c - a +0 buckler (worn)
 i - a +0 pair of gloves (worn)
 n - a scarf of shadows (worn)
Jewellery
 p - an amulet of faith
 r - a ring of willpower
Wands
 q - a wand of acid (18)
 u - a wand of iceblast (10)
Scrolls
 e - a scroll of magic mapping {unknown}
 g - a scroll of enchant weapon {unknown}
 h - a scroll of immolation {unknown}
 k - 4 scrolls of identify
 m - 3 scrolls of teleportation
 s - a scroll of noise {unknown}
Potions
 d - a potion of might
 f - a potion of brilliance
 w - a potion of invisibility {unknown}


   Skills:
 - Level 3.6 Fighting
 * Level 11.0 Axes
 - Level 3.2 Armour
 - Level 4.0 Shields
 + Level 5.8 Invocations


You had 7 spell levels left.
You didn't know any spells.
Your spell library contained the following spells:

 Spells                   Type           Power      Damage    Failure   Level
 Ozocubu's Armour         Ice            0%         N/A       98%         3
 Metabolic Englaciation   Hex/Ice        0%         N/A       100%        5
 Simulacrum               Ice/Necr       0%         N/A       100%        6
 Chain Lightning          Conj/Air       0%         N/A       100%        9
 Fire Storm               Conj/Fire      0%         5d1       100%        9
 Shatter                  Erth           0%         3d5*      100%        9


Dungeon Overview and Level Annotations

Branches:
Dungeon (5/15)
 Temple: D:4-7

Altars:

Shops:
D:3 :   D:4 [   D:5 *


Message History

The orc hits you but does no damage.
You are more poisoned.
You closely miss the orc.
The orc is severely wounded.
You feel very sick. The orc hits you but does no damage.
You are more poisoned.
You hit the orc.
The orc is almost dead.
You feel very sick. The orc hits you but does no damage.
You are more poisoned.
You hit the orc but do no damage.
The orc is almost dead.
You feel very sick. The orc hits you but does no damage.
You are too injured to fight recklessly!
You closely miss the orc.
The orc is almost dead.
You feel very sick. The orc hits you but does no damage.
You are lethally poisoned!
You hit the orc but do no damage.
The orc is almost dead.
* * * LOW HITPOINT WARNING * * *
You feel very sick. The orc closely misses you.
You hit the orc but do no damage.
The orc is almost dead.
* * * LOW HITPOINT WARNING * * *
You feel very sick.
The orc hits you with a +1 whip of venom.
* * * LOW HITPOINT WARNING * * *
You are more poisoned.
You slash the orc!
You kill the orc!
* * * LOW HITPOINT WARNING * * *
You feel very sick.
It was a potion of haste.
You feel yourself speed up.
You die...

###################.#############
.................)..)............
≈≈≈≈≈≈≈≈≈≈≈≈≈≈≈≈≈≈....≈≈≈≈≈≈≈≈≈≈≈
≈≈≈≈≈≈≈≈≈≈≈≈≈≈≈≈≈≈....≈≈≈≈≈≈≈≈≈≈≈
≈#####≈≈≈≈≈≈≈≈≈≈≈≈....≈≈≈≈≈≈≈≈≈≈≈
≈#...#.........).)..)))..........
≈#)..#############''[[###########
≈###'# ....#######....#######..#.
≈≈.#.# ....'))).@)(.))))....'..'.
≈≈.#.# ....#######.)..#######..#.
≈≈.#)##############))###########'
≈≈.#)'....'..)...............'...
≈≈.#.'....'...)..............'...
≈≈.#.######..................####
≈≈.#.#).).#..................#...
≈≈.#.#....#########''#########...
≈###'#...)'.......'..'.......'...


There were no monsters in sight!

Vanquished Creatures
  A necrophage (D:4)
  A phantom (D:5)
  A water moccasin zombie (D:3)
  2 scorpions (D:4)
  A water moccasin skeleton (D:4)
  A howler monkey (D:5)
  A gnoll shaman (D:5)
  A jelly (D:5)
  An orc priest (D:3)
  An iguana (D:4)
  An orc wizard (D:4)
  Natasha (thrice) (D:4)
  A killer bee zombie (D:5)
  3 adders
  20 gnolls
  An adder skeleton (D:4)
  3 dart slugs
  20 orcs
  3 ball pythons
  5 bats
  10 endoplasms
  4 giant cockroaches
  8 goblins
  8 hobgoblins
  13 jackals
  6 quokkas
  5 frilled lizards
  8 kobolds
  A quokka skeleton (D:4)
  4 rats
138 creatures vanquished.

Vanquished Creatures (collateral kills)
  An ogre (D:5)
  3 gnolls (D:5)
  6 orcs (D:5)
  4 jackals (D:5)
14 creatures vanquished.

Vanquished Creatures (others)
  5 plants (D:5)
5 creatures vanquished.

Grand Total: 157 creatures vanquished

Notes
Turn   | Place    | Note
-------+----------+-------------------------------------------
     0 | D:1      | Crownlay the Hill Orc Fighter began the quest for the Orb.
     0 | D:1      | Reached XP level 1. HP: 19/19 MP: 1/1
    26 | D:1      | Reached skill level 3 in Axes
   187 | D:1      | Reached XP level 2. HP: 21/26 MP: 2/2
   749 | D:1      | Reached XP level 3. HP: 26/31 MP: 3/3
  1078 | D:1      | Reached skill level 4 in Axes
  2250 | D:2      | Reached XP level 4. HP: 39/39 MP: 4/4
  2299 | D:3      | Reached skill level 5 in Axes
  2715 | D:3      | Found a faded altar of an unknown god.
  2727 | D:3      | Reached skill level 6 in Axes
  2727 | D:3      | Reached XP level 5. HP: 30/45 MP: 5/5
  2878 | D:3      | Found Wuiriwit's Book Shoppe.
  2894 | D:3      | Reached skill level 7 in Axes
  2930 | D:3      | Reached skill level 1 in Invocations
  3319 | D:4      | Found Elohoen's Antique Armour Emporium.
  3337 | D:4      | Noticed a necrophage
  3349 | D:4      | Killed a necrophage
  3350 | D:4      | Reached XP level 6. HP: 51/51 MP: 5/7
  3761 | D:4      | Reached skill level 8 in Axes
  4074 | D:4      | Reached XP level 7. HP: 51/57 MP: 9/9
  4097 | D:4      | Noticed Natasha
  4105 | D:4      | Killed Natasha
  4475 | D:4      | Reached skill level 9 in Axes
  4641 | D:4      | Noticed Natasha
  4647 | D:4      | Killed Natasha
  4693 | D:4      | Noticed Natasha
  4699 | D:4      | Killed Natasha
  4935 | D:5      | Entered Level 5 of the Dungeon
  5049 | D:5      | Found Neotaale's Overcharged Wands.
  5184 | D:5      | Reached skill level 10 in Axes
  5202 | D:5      | HP: 2/57 [poisoned by a gnoll shaman]
  5526 | D:5      | Reached XP level 8. HP: 44/64 MP: 11/11
  5528 | D:5      | Reached skill level 5 in Invocations
  6616 | D:5      | Reached skill level 11 in Axes
  6677 | D:5      | HP: 1/64 [poisoned by an orc]
  6678 | D:5      | Succumbed to an orc's poison

Illustrated notes

Levels and vault maps discovered:
D:1:      dpeg_arrival_rooms_with_view, layout_basic, chequers_mini_garden
D:2:      layout_basic, grunt_ministairs_8
D:3:      layout_loops_ring, serial_shops, nicolae_shop_statue_plus,
          hellmonk_ecumenical_altar_arch_garden, minmay_stone_trees_small
D:4:      layout_basic, serial_shops, nicolae_diamond_shop,
          palyth_stone_intersect, corexii_corridor_pit, mrwooster_statue_mirror,
          kennysheep_generic_room_12, uniq_natasha
D:5:      lemuel_castle_with_subvaults [lemuel_castle_interior_original],
          layout_basic, minmay_temple_entry_junction,
          nicolae_shop_overcharged_wands

Skill      XL: |  1  2  3  4  5  6  7  8 |
---------------+-------------------------+-----
Axes           | 3 4 6 7 8 10 11 | 11.0
Shields        | 4 |  4.0
Invocations    | 2 3 4 5 |  5.8
Fighting       | |  3.6
Armour         | |  3.2

Action                   |  1- 3 |  4- 6 |  7- 9 || total
-------------------------+-------+-------+-------++-------
Melee: War axe           |   119 |   111 |   217 ||   447
  Use: Scroll            |       |       |     6 ||     6
       Potion            |       |       |     5 ||     5
Armor: Scale mail        |    57 |    48 |    88 ||   193
Dodge: Dodged            |    57 |    47 |    69 ||   173
Block: Buckler           |    24 |    27 |    51 ||   102

Table legend: (Time is in decaauts)
 A = Elapsed time spent in this place.
 B = Non-inter-level travel time spent in this place.
 C = Inter-level travel time spent in this place.
 D = Time resting spent in this place.
 E = Time spent auto-exploring this place.
 F = Levels seen in this place.
 G = Mean time per level.
                   A        B        C        D        E       F      G
               +--------+--------+--------+--------+--------+-----+--------+
         Total |   6740 |   6497 |    243 |    211 |   5233 |   5 | 1348.0 |
       Dungeon |   6740 |   6497 |    243 |    211 |   5233 |   5 | 1348.0 |
               +--------+--------+--------+--------+--------+-----+--------+

Top non-repeatable levels by time:
     D:4: 1866 daAuts
     D:5: 1509 daAuts
     D:1: 1416 daAuts
     D:3: 1049 daAuts
     D:2: 898 daAuts
